 Dungeon Crawl Stone Soup version 0.31-a0-321-g19405a7a6a (webtiles) character file.

Game seed: 3901122680834180131

44 LeprechaunX the Changeling (level 3, -4/24 HPs)
             Began as an Octopode Shapeshifter on July 17, 2023.
             Slain by a gnoll
             ... wielding a +0 spear
              (7 damage)
             ... on level 3 of the Dungeon.
             The game lasted 00:01:34 (1230 turns).

LeprechaunX the Changeling (Octopode Shapeshifter)  Turns: 1230, Time: 00:01:35

Health: -4/24      AC:  1    Str: 16    XL:     3   Next: 60%
Magic:  12/12      EV: 13    Int: 10    God:
Gold:   55         SH:  0    Dex: 12    Spells: 2/2 levels left

rFire   . .          .
                       - Unarmed
rCold   . . .        e - orb {light}
rNeg    . . .        (helmet currently unavailable)
rPois   .            (no amulet)
rElec   .            f - ring of magical power
rCorr   .            (no ring)
SInv    .            (no ring)
Will    .....        (no ring)
Stlth   +            (no ring)
HPRegen 0.24/turn    (no ring)
MPRegen 0.13/turn    (no ring)
                     (no ring)

%: no passive effects
@: beast-form, glowing
A: beast (slay +2), almost no armour, amphibious, 8 rings, camouflage 1,
gelatinous body 1, (nimble swimmer 1), tentacles
a: Begin Untransformation


You were on level 3 of the Dungeon.
You were a hulking beast.
You visited 1 branch of the dungeon, and saw 3 of its levels.

You collected 55 gold pieces.

Inventory:

Armour
 e - an orb of light (worn)
Jewellery
 f - a ring of magical power (left tentacle)
Talismans
 b - a beast talisman
Scrolls
 d - a scroll of fog {unknown}
 g - a scroll of teleportation {unknown}
Potions
 a - a potion of lignification
 c - a potion of attraction {unknown}
 h - a potion of mutation {unknown}


   Skills:
 + Level 2.3 Fighting
 + Level 2.3 Dodging
 * Level 2.8 Unarmed Combat
 * Level 3.3 Shapeshifting


You had 2 spell levels left.
You didn't know any spells.
Your spell library was empty.

Dungeon Overview and Level Annotations

Branches:
Dungeon (3/15)

Altars:


Innate Abilities, Weirdness & Mutations

You are a hulking beast.
Your limbs bulge with bestial killing power. (Slay +2)
You cannot wear most types of armour.
You are amphibious.
You can wear up to eight rings at the same time.
Your skin changes colour to match your surroundings (Stealth+).
Your rubbery body absorbs attacks. (AC +1, EV +1)
((You are camouflaged when in or above water. (Stealth+)))
You have tentacles for arms and can constrict up to eight enemies at once.


Message History

You tentacle-slap the kobold. You grab the kobold. You squeeze the kobold.
You kill the kobold!
You barely miss the kobold. You grab the kobold. You constrict the kobold.
The kobold closely misses you.
You tentacle-slap the kobold.
You kill the kobold!
You tentacle-slap the hobgoblin.
You kill the hobgoblin!
No target in view!
No target in view!
No target in view!
You see here a hobgoblin corpse.
h - a yellow potion You now have 55 gold pieces (gained 5).
Found a stone staircase leading up.
There is a stone staircase leading down here.
There is a stone staircase leading down here.
You climb downwards.
The endoplasm quivers.
The gnoll hits you from afar with a +0 halberd.
There is a stone staircase leading up here.
The gnoll closely misses you.
You tentacle-slap the gnoll but do no damage.
You grab the gnoll.
You squeeze the gnoll, but do no damage.
You constrict the gnoll, but do no damage.
The gnoll hits you with a +0 spear. The gnoll barely misses you.
The endoplasm hits you but does no damage.
You tentacle-slap the gnoll.
The gnoll is lightly wounded.
You constrict the gnoll. The gnoll hits you with a +0 spear!
The endoplasm misses you.
The gnoll hits you from afar with a +0 spear!
* * * LOW HITPOINT WARNING * * *
The gnoll misses you.
Unknown command.
You tentacle-slap the endoplasm. You squeeze the endoplasm.
You kill the endoplasm!
You constrict the gnoll. The gnoll hits you with a +0 spear!
You die...

..... ... ####
..[ #.... ...
#.....#.### #
#.....#...# .
#.....#.#.#.#
#.....#<..#.#
.......hg...###
#.......g......
#......g...####
#######.#.##
#.#.###### #
#g#.#..... #..
#.#....###
#...#.#.......
#.........#.###


You could see 4 gnolls.

Vanquished Creatures
  An adder (D:2)
  A worm (D:2)
  2 dart slugs
  3 endoplasms
  A giant cockroach (D:2)
  A hobgoblin (D:2)
  4 kobolds (D:2)
  A quokka (D:2)
  2 ball pythons
  A bat (D:3)
  4 frilled lizards
  5 goblins
  4 rats (D:2)
30 creatures vanquished.

Notes
Turn   | Place    | Note
-------+----------+-------------------------------------------
     0 | D:1      | LeprechaunX the Octopode Shapeshifter began the quest for
                  | the Orb.
     0 | D:1      | Reached XP level 1. HP: 14/14 MP: 1/1
   356 | D:1      | Found a faded altar of an unknown god.
   712 | D:2      | Reached XP level 2. HP: 14/19 MP: 2/2
   910 | D:2      | Noticed an ogre
   913 | D:2      | Reached XP level 3. HP: 24/24 MP: 3/3
  1230 | D:3      | Slain by a gnoll

Illustrated notes

Levels and vault maps discovered:
D:1:      dpeg_arrival_water_fire, layout_basic,
          dilly_ecumenical_altar_fadedgnrine, due_unseen_surprise
D:2:      layout_basic, minmay_heptomino_l4
D:3:      layout_basic

Action                     || total
---------------------------++-------
  Melee: Unarmed           ||    50
         Constrict         ||    13
         Tentacles         ||    10
   Stab: Sleeping          ||     3
 Armour: Skin              ||     4
  Dodge: Dodged            ||    21

Table legend: (Time is in decaauts)
 A = Elapsed time spent in this place.
 B = Non-inter-level travel time spent in this place.
 C = Inter-level travel time spent in this place.
 D = Time resting spent in this place.
 E = Time spent auto-exploring this place.
 F = Levels seen in this place.
 G = Mean time per level.
                   A        B        C        D        E       F      G
               +--------+--------+--------+--------+--------+-----+--------+
         Total |   1226 |   1129 |     97 |      0 |    943 |   3 |  408.7 |
       Dungeon |   1226 |   1129 |     97 |      0 |    943 |   3 |  408.7 |
               +--------+--------+--------+--------+--------+-----+--------+

Top non-repeatable levels by time:
     D:1: 705 daAuts
     D:2: 503 daAuts
     D:3: 17 daAuts
